 Dungeon Crawl Stone Soup version 0.14-a0-30-gf0b6e91 (webtiles) character file.

644 Malachi the Sneak (level 6, -2/41 HPs)
             Began as a Vampire Enchanter on Sept 26, 2013.
             Was a Follower of Okawaru.
             Killed by divine providence
             ... invoked by an orc priest
              (13 damage)
             ... on Level 4 of the Dungeon.
             The game lasted 00:11:27 (6306 turns).

Malachi the Sneak (Vampire Enchanter)               Turns: 6306, Time: 00:11:27

HP  -2/41        AC  7     Str  7      XL: 6   Next: 94%
MP   8/12        EV 12     Int 19      God: Okawaru [*.....]
Gold 145         SH  0     Dex 14      Spells:  3 memorised,  3 levels left

Res.Fire  : . . .   See Invis. : +   n - +2 dagger (venom)
Res.Cold  : + + .   Warding    : .   f - +0 orc leather armour {rC+}
Life Prot.: + + .   Conserve   : .   (no shield)
Res.Poison: +       Res.Corr.  : .   w - +2 orc spiked helmet
Res.Elec. : .       Clarity    : .   (no cloak)
Sust.Abil.: . .     Spirit.Shd : .   (no gloves)
Res.Mut.  : .       Stasis     : .   m - +0 pair of boots
Res.Rott. : +       Flight     : .   (no amulet)
Saprovore : . . .                    (no ring)
                                     (no ring)

@: regenerating slowly, very slightly contaminated, slightly resistant to
hostile enchantments, very stealthy
A: bottle blood, fangs 3, see invisible, unbreathing
a: Bat Form, Bottle Blood, Heroism, Renounce Religion


You were on level 4 of the Dungeon.
You worshipped Okawaru.
Okawaru was aware of your devotion.
You were very thirsty.

You visited 1 branch of the dungeon, and saw 4 of its levels.
You also visited: Sewer.

You collected 125 gold pieces.

Inventory:

Hand weapons
 a - a +1,+1 dagger
 n - a +2,+2 dagger of venom (weapon)
Missiles
 d - 12 darts (quivered)
Armour
 b - a +1 robe
 f - a +0 orcish leather armour of cold resistance (worn)
 m - a +0 pair of boots (worn)
 w - a +2 orcish spiked helmet (worn)
Scrolls
 h - 2 scrolls of teleportation
 l - 4 scrolls of fear
Jewellery
 e - an uncursed ring of see invisible {unknown}
Potions
 g - a potion of heal wounds
 i - a potion of might
 j - 3 potions of magic
 k - 3 potions of degeneration {unknown}
 r - a potion of speed
 t - 3 potions of flight
 u - a potion of brilliance {unknown}
 v - 4 potions of curing
Books
 c - a book of Maledictions

   Spells                             Type                      Level
   *Corona                            Hexes                        1
   Sure Blade                         Hexes/Charms                 2
   *Ensorcelled Hibernation           Hexes/Ice                    2
   *Confuse                           Hexes                        3
   Enslavement                        Hexes                        4
   Invisibility                       Hexes                        6


   Skills:
 + Level 1.0 Fighting
 + Level 1.4 Short Blades
 + Level 0.7 Throwing
 + Level 1.8 Armour
 + Level 4.1 Dodging
 * Level 6.7 Stealth
 + Level 2.0 Spellcasting
 * Level 6.7 Hexes


You had 3 spell levels left.
You knew the following spells:

 Your Spells              Type           Power        Failure   Level  Hunger
a - Corona                Hex            ####...      1%          1    #......
b - Ensorcelled Hibernat  Hex/Ice        ##....       10%         2    ##.....
c - Confuse               Hex            ####....     3%          3    ####...


Dungeon Overview and Level Annotations

Branches:
Dungeon (4/27)             Temple (0/1) D:4

Altars:
Okawaru


Innate Abilities, Weirdness & Mutations

You heal slowly.
You can bottle blood from corpses.
You have razor-sharp teeth.*
You have supernaturally acute eyesight.
You can survive without breathing.*


Message History

Press: ? - help, Shift-Dir - straight line, f/p - orc priest
Aim: an orc priest (lightly wounded, poisoned)
You miscast Ensorcelled Hibernation.
You are very lightly contaminated with residual magic.
Your hands glow momentarily.
The orc priest hits you but does no damage.
The orc hits you with an orcish flail.
* * * LOW HITPOINT WARNING * * *
Read which item? (? for menu, Esc to quit)
As you read the scroll of fear, it crumbles to dust.
You assume a fearsome visage.
The bat looks frightened!
The giant newt looks frightened!
The orc priest looks frightened!
The orc looks frightened!
The orc wizard looks frightened!
The orc looks frightened!
The orc priest turns to fight!
The orc priest's eyes start to glow.
You see here 25 stones.
The orc priest invokes the aid of Beogh against you.
Something smites you!
You die...

........# ####'###############.
........#####..........#.......#.
.#####..............##.#.###.8.#.
.# #.###..........##.#.##......
.# #.# #.##.......##.....8.>.8.
.# #.# #.##.........##.#.......
.# #.# #.......####....#.#.8.#.
.# #.# #.......#########.#...#.
## #.# ##....(@....).....###.#.
#.# ####o############....## #.#
#.(....o...... .####
#.###.####### .# #o. .# ... .#
.... .. ###b # =#


You could see an orc priest.

Vanquished Creatures
  Purgy (Sewer)
  A hound (D:4)
  3 big fish
  2 orc wizards (D:3)
  An iguana (D:4)
  8 gnolls (D:4)
  4 adders
  3 giant geckos
  10 orcs (D:3)
  3 giant cockroaches
  12 goblins
  9 hobgoblins
  2 jackals (D:1)
  2 quokkas
  4 ball pythons
  11 bats
  6 giant newts
  5 kobolds
  6 rats
93 creatures vanquished.

Notes
Turn   | Place    | Note
--------------------------------------------------------------
     0 | D:1      | Malachi, the Vampire Enchanter, began the quest for the Orb.
     0 | D:1      | Reached XP level 1. HP: 13/13 MP: 4/4
   550 | D:1      | Reached XP level 2. HP: 16/19 MP: 5/5
   600 | D:1      | Learned a level 2 spell: Ensorcelled Hibernation
   624 | D:1      | Reached skill level 5 in Hexes
  1273 | D:2      | Reached XP level 3. HP: 15/24 MP: 3/6
  2039 | D:2      | Found an iron altar of Okawaru.
  2713 | D:2      | Reached XP level 4. HP: 27/30 MP: 8/8
  2830 | D:2      | Became a worshipper of Warmaster Okawaru
  3216 | D:3      | Reached skill level 5 in Stealth
  3468 | D:3      | Reached XP level 5. HP: 23/35 MP: 2/9
  4410 | D:3      | Found a glowing drain.
  4427 | D:3      | Reached skill level 1 in Fighting
  4435 | Sewer    | Entered a sewer
  4958 | Sewer    | Reached skill level 1 in Armour
  5000 | Sewer    | Reached skill level 6 in Hexes
  5005 | Sewer    | Learned a level 3 spell: Confuse
  5251 | Sewer    | Noticed Purgy
  5262 | Sewer    | Killed Purgy
  5262 | Sewer    | Reached XP level 6. HP: 31/41 MP: 8/11
  5976 | D:4      | Acquired Okawaru's first power
  6252 | D:4      | Found a staircase to the Ecumenical Temple.
  6306 | D:4      | Killed from afar by an orc priest

Action                   |  1- 3 |  4- 6 || total
-------------------------+-------+-------++-------
Melee: Dagger            |   154 |   158 ||   312
 Cast: Corona            |     3 |       ||     3
       Ensorcelled Hiber |     9 |    32 ||    41
  Use: Potion            |     1 |       ||     1
       Scroll            |       |    15 ||    15
 Stab: Sleeping          |    10 |    16 ||    26
